 Dungeon Crawl Stone Soup version 0.27-a0-1591-gc56fcc985a (webtiles) character file.

Game seed: 12221298361434346540

261 bande the Shield-Bearer (level 6, -1/38 HPs)
             Began as a Gargoyle Fighter on July 20, 2021.
             Was an Initiate of Okawaru.
             Slain by an iguana (7 damage)
             ... on level 5 of the Dungeon.
             The game lasted 00:05:51 (4177 turns).

bande the Shield-Bearer (Gargoyle Fighter)          Turns: 4177, Time: 00:05:52

Health: -1/38      AC: 14    Str: 21      XL:     6   Next: 18%
Magic:  6/6        EV:  7    Int:  7 (8)  God:    Okawaru [......]
Gold:   156        SH:  9    Dex:  9 (10) Spells: 5/5 levels left

rFire    . . .     SeeInvis .   a - +1 war axe
rCold    . . .     Faith    .   c - +0 kite shield
rNeg     + . .     Spirit   .   b - +0 scale mail
rPois    ∞         Reflect  .   j - +0 helmet
rElec    +         Harm     .   (no cloak)
rCorr    .         Rampage  .   h - +1 pair of gloves
Will     .....     Rnd*Rage +   (no boots)
Stlth    ..........             (no amulet)
HPRegen  0.12/turn              (no ring)
MPRegen  0.10/turn              (no ring)

@: no status effects
A: sickness immunity, AC +4, negative energy resistance 1, electricity
resistance, torment resistance 1, petrification resistance, berserk 1, wild
magic 1
a: Renounce Religion


You were on level 5 of the Dungeon.
You worshipped Okawaru.
Okawaru was noncommittal.
You visited 1 branch of the dungeon, and saw 5 of its levels.

You collected 156 gold pieces.

Inventory:

Hand Weapons
 a - a +1 war axe (weapon)
Armour
 b - a +0 scale mail (worn)
 c - a +0 kite shield (worn)
 h - a +1 pair of gloves (worn)
 j - a +0 helmet (worn)
Jewellery
 e - a ring of flight
 g - a ring of flight
Wands
 n - a wand of polymorph (11)
Scrolls
 f - 2 scrolls of identify
 i - a scroll of teleportation
Potions
 d - 3 potions of might
 k - a potion of cancellation


   Skills:
 + Level 4.0 Fighting
 + Level 3.8 Axes
 + Level 4.1 Armour
 + Level 0.8 Dodging
 - Level 0.2 Stealth
 + Level 4.6 Shields


You had 5 spell levels left.
You didn't know any spells.
Your spell library contained the following spells:

 Spells                   Type           Power      Damage    Failure   Level
 Sandblast                Erth           0%         2d4       99%         1
 Passwall                 Tmut/Erth      0%         N/A       100%        2
 Inner Flame              Hex/Fire       0%         N/A       100%        3
 Cause Fear               Hex            0%         N/A       100%        4
 Lee's Rapid Deconstruct  Erth           0%         3d5*      100%        5
 Discord                  Hex            0%         N/A       100%        8


Dungeon Overview and Level Annotations

Branches:
Dungeon (5/15)
 Temple: D:4-7

Altars:
Hepliaklqana
Makhleb
Okawaru
Ru
Sif Muna


Innate Abilities, Weirdness & Mutations

You are immune to sickness and miasma.
Your stone body is resilient. (AC +4)
You are immune to poison.
You resist negative energy. (rN+)
You are resistant to electric shocks. (rElec)
You are resistant to unholy torment.
You are immune to petrification.
You tend to lose your temper in combat.
Your spells are a little harder to cast, but a little more powerful.


Message History

It is a scroll of amnesia.
You feel forgetful for a moment.
As you read the scroll labelled ALLOHEOSARO, it crumbles to dust.
You hear a loud clanging noise!
It was a scroll of noise.
You hear a shout! x3; You hear an angry hiss.
You hear a shout! x2
You hear an angry hiss.
You hear a shout!
As you read the scroll labelled GEETAO OPASO, it crumbles to dust.
The scroll dissolves into smoke.
It was a scroll of fog.
As you read the scroll labelled HANAMN NINU, it crumbles to dust.
You feel aware of your surroundings.
You sensed 1 altar, and 1 shop/portal.
It was a scroll of magic mapping.
An iguana comes into view.
Found a rapier.
You barely miss the iguana.
You hear the slow hiss of a distant avalanche of sand.
The iguana bites you. The iguana barely misses you.
You slash the iguana!
The iguana is heavily wounded.
The iguana bites you but does no damage.
You closely miss the iguana.
The iguana is heavily wounded.
The iguana bites you.
* * * LOW HITPOINT WARNING * * *
The iguana bites you.
* * * LOW HITPOINT WARNING * * *
Your shield and scale mail prevent you from hitting the iguana.
The iguana is heavily wounded.
The iguana barely misses you.
Your shield and scale mail prevent you from hitting the iguana.
The iguana is heavily wounded.
The iguana barely misses you.
The iguana bites you but does no damage.
You hit the iguana but do no damage.
The iguana is heavily wounded.
You block the iguana's attack.
You closely miss the iguana.
The iguana is heavily wounded.
The iguana bites you!
You die...

#..####.......#.>....§,≈,≈,≈
#..,*#........#...#.≈.,,≈,,,
##,,....#.........#≈.≈,≈,≈,≈
**,,##.#####..#....#,,.≈,,,≈, *
*,,,*##* #.........≈.≈,≈,≈,≈ *
***,,,*####*##.##......≈,,,≈,,,
***,,,,**.....##.#*.....≈.≈,≈,≈,≈
,*,,,,,,,,,,#....######...,≈,,,≈,
,,,,,,,,,,**##.#@.#***,.≈.≈,≈,≈,≈
,,,,,,,,,,**#.##l.......,≈,,,≈,,,
*,,,,*,,,,,...,....#...#≈,≈,≈,≈,≈
,,,,****,,.##*.......###,,,≈,,,≈,
,,,,**,,,#** #.......# *≈,≈,≈,≈,≈
,,*,<,,,,,* #.......#**,≈,,,≈,,,
****,**,,** #)....#..**,,≈,≈,≈,≈
**,,,,****#.........,,,,,,,,,*
******,,,,,,*,,***,,,,,,,,*,**,,*


You could see an iguana.

Vanquished Creatures
  A jelly (D:4)
  A hound (D:4)
  Robin (D:2)
  4 gnolls (D:5)
  4 adders
  3 ufetubi
  A worm (D:3)
  3 dart slugs
  2 orcs
  8 endoplasms
  2 giant cockroaches (D:4)
  15 goblins
  13 hobgoblins
  2 jackals (D:2)
  2 quokkas
  8 ball pythons
  5 bats
  2 frilled lizards
  3 kobolds
  7 rats
87 creatures vanquished.

Vanquished Creatures (others)
  A fungus (D:1)
1 creature vanquished.

Grand Total: 88 creatures vanquished

Notes
Turn   | Place    | Note
-------+----------+-------------------------------------------
     0 | D:1      | bande the Gargoyle Fighter began the quest for the Orb.
     0 | D:1      | Reached XP level 1. HP: 14/14 MP: 1/1
   186 | D:1      | Reached XP level 2. HP: 17/19 MP: 2/2
   751 | D:2      | Reached XP level 3. HP: 21/23 MP: 3/3
  1168 | D:2      | Reached XP level 4. HP: 12/28 MP: 4/4
  1337 | D:2      | Gained mutation: You tend to lose your temper in combat.
                  | [potion of mutation]
  1337 | D:2      | Gained mutation: Your spells are a little harder to cast,
                  | but a little more powerful. [potion of mutation]
  1962 | D:2      | Noticed Robin
  1990 | D:2      | Killed Robin
  2252 | D:2      | Found a faded altar of an unknown god.
  2490 | D:3      | Reached XP level 5. HP: 33/33 MP: 5/5
  3322 | D:4      | Found a hazy altar of Hepliaklqana.
  3323 | D:4      | Found a shimmering blue altar of Sif Muna.
  3740 | D:4      | Found an iron altar of Okawaru.
  3741 | D:4      | Found a sacrificial altar of Ru.
  3750 | D:4      | Became a worshipper of Warmaster Okawaru
  3939 | D:4      | Found a burning altar of Makhleb.
  4125 | D:5      | Entered Level 5 of the Dungeon
  4135 | D:5      | Reached XP level 6. HP: 19/38 MP: 6/6
  4177 | D:5      | Slain by an iguana

Illustrated notes

Levels and vault maps discovered:
D:1:      dpeg_arrival_refuge, layout_rooms, minmay_shallow_snake_nest
D:2:      layout_basic, ebering_ecumenical_altar_mist, mrwooster_statue_mirror,
          minmay_misc_feat_square, minmay_increasing_density, uniq_robin
D:3:      layout_basic
D:4:      layout_loops_corners, grunt_temple_overflow_open, minitemple,
          makhleb_heckhound_becter
D:5:      layout_cave_pools, mainiacjoe_overflow_catwalk, enter_ossuary_5,
          kennysheep_crisscross

Skill      XL: |  1  2  3  4  5 |
---------------+----------------+-----
Axes           | 2 3 |  3.8
Shields        | 4 |  4.6
Fighting       | 4 |  4.0
Armour         | 4 |  4.1
Dodging        | |  0.8
Stealth        | |  0.2

Action                   |  1- 3 |  4- 6 || total
-------------------------+-------+-------++-------
Melee: War axe           |    98 |   163 ||   261
  Use: Potion            |     1 |     7 ||     8
       Scroll            |       |     7 ||     7
Armor: Scale mail        |    50 |   128 ||   178
Dodge: Dodged            |    34 |    69 ||   103
Block: Kite shield       |    47 |   112 ||   159

Table legend: (Time is in decaauts)
 A = Elapsed time spent in this place.
 B = Non-inter-level travel time spent in this place.
 C = Inter-level travel time spent in this place.
 D = Time resting spent in this place.
 E = Time spent auto-exploring this place.
 F = Levels seen in this place.
 G = Mean time per level.
                   A        B        C        D        E       F      G
               +--------+--------+--------+--------+--------+-----+--------+
         Total |   4327 |   4300 |     27 |    425 |   3090 |   5 |  865.4 |
       Dungeon |   4327 |   4300 |     27 |    425 |   3090 |   5 |  865.4 |
               +--------+--------+--------+--------+--------+-----+--------+

Top non-repeatable levels by time:
     D:2: 1634 daAuts
     D:4: 1209 daAuts
     D:1: 746 daAuts
     D:3: 678 daAuts
     D:5: 58 daAuts
